 Dungeon Crawl Stone Soup version 0.17.2-1-ge4368a0 (webtiles) character file.

9004 Goblin1989 the Nimble (level 11, -6/103 HPs)
             Began as a Kobold Berserker on Oct 1, 2019.
             Was a High Priest of Trog.
             Mangled by a deep troll earth mage (10 damage)
             ... on level 10 of the Dungeon.
             The game lasted 00:32:31 (12939 turns).

Goblin1989 the Nimble (Kobold Berserker)           Turns: 12939, Time: 00:32:31

Health: -6/103     AC: 18    Str: 23    XL:     11   Next: 66%
Magic:  11/11      EV: 21    Int:  5    God:    Trog [*****.]
Gold:   614        SH:  7    Dex: 22    Spells: 0 memorised, 10 levels left

rFire  . . .     SeeInvis +     a - +0 falchion
rCold  . . .     Clarity  .     X - +1 plate armour {rPois}
rNeg   . . .     SustAt   +     B - +0 buckler
rPois  +         Gourm    .     A - +0 helmet
rElec  .         Spirit   .     N - +1 cloak
rCorr  .         Warding  .     x - +0 pair of gloves
rMut   .         Stasis   .     (no boots)
MR     ++...                    Q - amulet of faith {!P}
Stlth  ..........               s - ring of see invisible
                                H - ring of sustain attributes

@: agile, berserking (expiring), lethally poisoned (-6 -> -6), regenerating,
very quick, very resistant to hostile enchantments, extremely unstealthy
A: carnivore 3, deterioration 1
a: Berserk, Trog's Hand, Brothers in Arms, Burn Spellbooks, Renounce Religion


You were on level 10 of the Dungeon.
You worshipped Trog.
Trog was extremely pleased with you.
You were very full.

You visited 1 branch of the dungeon, and saw 10 of its levels.

You collected 614 gold pieces.

Inventory:

Hand Weapons
 a - a +0 falchion (weapon)
 b - a +2 dagger of electrocution
 n - a +0 dagger of venom
 u - a +2 dagger of speed
Armour
 x - a +0 pair of gloves (worn)
 z - a +3 chain mail of fire resistance
 A - a +0 helmet (worn)
 B - a +0 buckler (worn)
 F - a +2 ring mail of cold resistance
 N - a +1 cloak (worn)
 X - a +1 plate armour of poison resistance (worn)
Jewellery
 s - a ring of see invisible (right hand)
 H - a ring of sustain attributes (left hand)
 Q - an amulet of faith (around neck) {!P}
 S - a +5 ring of intelligence
Wands
 h - a wand of heal wounds (2) {@v1, !v}
 O - a wand of frost (17)
Scrolls
 e - a scroll of blinking {unknown}
 f - 8 scrolls of remove curse {@r2}
 k - a scroll of magic mapping {unknown}
 o - 2 scrolls of enchant weapon {unknown}
 p - a scroll of silence {unknown}
 t - a scroll of recharging {unknown}
 v - 4 scrolls of teleportation {unknown}
 w - a scroll of noise {unknown}
 y - 3 scrolls of amnesia {unknown}
 C - a scroll of fog {unknown}
 D - 3 scrolls of enchant armour {unknown}
 E - 3 scrolls of vulnerability {unknown}
 R - a scroll of identify {@r1}
 T - a scroll of acquirement {unknown}
 U - a scroll of fear {unknown}
 W - a scroll of random uselessness {unknown}
Potions
 d - 12 potions of curing {unknown}
 g - a potion of cancellation
 i - 2 potions of haste {unknown}
 j - 2 potions of magic
 m - 2 potions of might
 q - 3 potions of heal wounds {unknown}
 G - a potion of ambrosia
 K - 2 potions of poison {unknown}
 M - a potion of berserk rage
Books
 P - a book of Summonings

   Spells                             Type                      Level
   a - Recall                         Summoning/Translocation      3
   b - Aura of Abjuration             Summoning                    5
   c - Shadow Creatures               Summoning                    5
   d - Summon Demon                   Summoning                    5
   e - Summon Forest                  Summoning/Translocation      5
   f - Summon Mana Viper              Hexes/Summoning              5
   Trog disapproves of the use of such an item.
Miscellaneous
 l - a phial of floods
Comestibles
 c - 3 meat rations {@e2}
 J - a beef jerky
 L - a slice of pizza


   Skills:
 + Level 8.3 Fighting
 * Level 9.0 Long Blades
 + Level 6.2 Armour
 + Level 9.2 Dodging
 - Level 5.6 Shields
 + Level 0.0 Evocations


You had 10 spell levels left.
You didn't know any spells.

Dungeon Overview and Level Annotations

Branches:
Dungeon (10/15)            Temple (0/1) D:7            Lair (0/8) D:9
    Orc (0/4) D:10

Altars:
Dithmenos
Makhleb
Qazlal
Sif Muna
Xom
Yredelemnul
Zin

Shops:
D:4 [   D:9 [

Annotations:
D:3 IWannaBeepSomebody's ghost, amateur OpAr
D:9 exclusion: ice statue


Innate Abilities, Weirdness & Mutations

You are small and have problems with some larger weapons.
You are carnivorous and can eat meat at any time.
Your body sometimes deteriorates upon taking damage.


Message History

The ogre mage hits you but does no damage.
Unknown command.
Unknown command.
You fail to use your ability.
You feel sick. The anaconda grabs you. The anaconda bites you!
Your body deteriorates!
You feel weakened for a moment. The anaconda constricts you.
You block the deep troll earth mage's attack.
The deep troll earth mage claws you but does no damage.
The deep troll earth mage claws you.
* * * LOW HITPOINT WARNING * * *
You block the anaconda's attack.
* * * LOW HITPOINT WARNING * * *
The anaconda constricts you. The ogre mage closely misses you.
You take 19 damage, and have 24/69 hp.
O_OOPS!!
MASSIVE DAMAGE!!
You escape the anaconda's grasp.
You feel sick.
The anaconda changes into a satyr!
The spiny frog changes into a basilisk!
The basilisk changes into a water moccasin!
Evoke which item? (* to show all) (? for menu, Esc to quit)
Okay, then.
Drink which item? (? for menu, Esc to quit)
You feel agile all of a sudden.
You feel sick. The deep troll earth mage bites you!
* * * LOW HITPOINT WARNING * * *
You block the deep troll earth mage's attack.
The deep troll earth mage completely misses you.
You take 8 damage, and have 17/69 hp.
A red film seems to cover your vision as you go berserk!
You feel yourself moving faster!
You feel mighty! The deep troll earth mage bites you.
* * * LOW HITPOINT WARNING * * *
You block the deep troll earth mage's attack.
The deep troll earth mage completely misses you.
The ogre mage hits you but does no damage.
You now have 25/103 hp.
You closely miss the deep troll earth mage.
You feel sick. The deep troll earth mage bites you!
* * * LOW HITPOINT WARNING * * *
The deep troll earth mage closely misses you.
The deep troll earth mage barely misses you.
The ogre mage hits you but does no damage.
You take 16 damage, and have 9/103 hp.
You hit the deep troll earth mage but do no damage.
Your plate armour prevents you from hitting the deep troll earth mage.
The deep troll earth mage bites you but does no damage.
The deep troll earth mage claws you but does no damage. x2
You block the ogre mage's attack.
Unknown command.
You hit the deep troll earth mage but do no damage.
You feel sick.
You block the deep troll earth mage's attack. x2
The deep troll earth mage claws you!
* * * LOW HITPOINT WARNING * * *
You take 7 damage, and have 4/103 hp.
Unknown command.
You slash the deep troll earth mage!
The deep troll earth mage is moderately wounded.
You block the ogre mage's attack.
You closely miss the deep troll earth mage.
The deep troll earth mage is moderately wounded.
The deep troll earth mage completely misses you. x2
The deep troll earth mage claws you but does no damage.
The ogre mage barely misses you.
Unknown command.
You slash the deep troll earth mage!
The deep troll earth mage is heavily wounded.
You slash the deep troll earth mage!
The deep troll earth mage is almost dead.
You feel sick.
The satyr changes into a minotaur!
The deep troll earth mage bites you but does no damage.
You block the deep troll earth mage's attack.
The deep troll earth mage claws you but does no damage.
The ogre mage hits you but does no damage.
You completely miss the deep troll earth mage.
The deep troll earth mage is almost dead.
You slash the deep troll earth mage!
The deep troll earth mage is almost dead.
You block the deep troll earth mage's attack.
The deep troll earth mage completely misses you.
The deep troll earth mage closely misses you.
You block the ogre mage's attack.
Unknown command.
You closely miss the deep troll earth mage.
The deep troll earth mage is almost dead.
The water moccasin changes into a fire bat!
The deep troll earth mage closely misses you.
The deep troll earth mage barely misses you.
You block the deep troll earth mage's attack.
You barely miss the deep troll earth mage.
The deep troll earth mage is almost dead.
You feel sick. The ogre mage misses you.
Unknown command.
You hit the deep troll earth mage but do no damage.
The deep troll earth mage is almost dead.
The deep troll earth mage bites you.
* * * LOW HITPOINT WARNING * * *
The deep troll earth mage completely misses you.
The deep troll earth mage claws you!
You die...

█....█.█..██...........█
█....█.█..██...........█
█....█.█..█ █....█.█..█
█.█∆█..█.∆..█
█.......b█..█
█████.██O█..█
.......HT.██ █....████@█
...............█
███.█..██████.█.█ █.█.██
██ . █.


You could see a minotaur shaped shifter, an ogre mage (invisible), a deep troll
earth mage and a fire bat shaped shifter.

Vanquished Creatures
  5 hill giants (D:10)
  Maurice (D:9)
  A two-headed ogre (D:10)
  Sigmund (D:4)
  A wyvern (D:8)
  6 yaks (D:9)
  The ghost of CALLOUS the Charmwright, an amateur FeSk (D:6)
  A hungry ghost (D:9)
  A wraith (D:10)
  Eustachio (D:4)
  Menkaure (D:4)
  Edmund (D:4)
  Duvessa (D:6)
  3 orc warriors
  A water moccasin (D:9)
  2 necrophages
  3 ice beasts
  4 phantoms
  A sky beast (D:9)
  4 ogres
  A wasp (D:10)
  A centaur (D:6)
  6 giant frogs
  Dowan (D:6)
  A scorpion (D:9)
  3 wights (D:10)
  A giant frog zombie (D:7)
  2 jellies
  3 quasits
  4 crimson imps
  2 orc priests (D:8)
  2 centaur skeletons
  A centaur zombie (D:10)
  5 hounds
  6 orc wizards
  A giant frog skeleton (D:6)
  Terence (D:3)
  5 iguanas
  10 worker ants
  A hound skeleton (D:8)
  Robin (D:3)
  4 gnolls (D:8)
  A worker ant zombie (D:5)
  12 adders
  A shadow imp (D:9)
  An ooze (D:2)
  An adder zombie (D:4)
  4 worms
  9 giant geckos
  25 orcs
  A ball python (D:1)
  7 giant cockroaches
  16 goblins
  11 hobgoblins
  18 jackals
  3 quokkas
  2 bats (D:1)
  2 giant newts (D:1)
  8 kobolds
  6 rats
  A spectral orc (D:5)
  A fungus (D:9)
232 creatures vanquished.

Notes
Turn   | Place    | Note
--------------------------------------------------------------
     0 | D:1      | Goblin1989 the Kobold Berserker began the quest for the Orb.
     0 | D:1      | Reached XP level 1. HP: 14/14 MP: 1/1
   137 | D:1      | Reached XP level 2. HP: 16/19 MP: 2/2
   535 | D:1      | Reached XP level 3. HP: 7/23 MP: 3/3
  1036 | D:2      | Reached ** piety under Trog
  1640 | D:2      | Reached XP level 4. HP: 29/29 MP: 4/4
  1820 | D:2      | Noticed a fire elemental
  1823 | D:2      | Found a stormy altar of Qazlal.
  2185 | D:2      | Noticed an air elemental
  2188 | D:2      | Noticed an earth elemental
  2188 | D:2      | Noticed a water elemental
  2313 | D:2      | Found a shadowy altar of Dithmenos.
  2730 | D:3      | Found a deep blue altar of Sif Muna.
  2818 | D:3      | Noticed a phantom
  2826 | D:3      | Noticed IWannaBeepSomebody's ghost (amateur OpAr)
  2969 | D:3      | Noticed Terence
  2989 | D:3      | Reached XP level 5. HP: 31/33 MP: 5/5
  3016 | D:3      | Killed Terence
  3016 | D:3      | Reached skill level 4 in Fighting
  3058 | D:3      | Noticed Robin
  3118 | D:3      | Killed Robin
  3118 | D:3      | Reached *** piety under Trog
  3406 | D:3      | Killed a phantom
  3406 | D:3      | Reached XP level 6. HP: 33/38 MP: 6/6
  3623 | D:4      | Found Ikhiynloch's Armour Shoppe.
  3749 | D:4      | Reached skill level 1 in Shields
  4244 | D:4      | Noticed Eustachio
  4256 | D:4      | Killed Eustachio
  4256 | D:4      | Reached XP level 7. HP: 44/44 MP: 7/7
  4313 | D:4      | Noticed Edmund
  4322 | D:4      | Killed Edmund
  4462 | D:4      | Noticed Sigmund
  4472 | D:4      | Killed Sigmund
  4472 | D:4      | Reached skill level 5 in Fighting
  4472 | D:4      | Reached XP level 8. HP: 49/49 MP: 8/8
  4544 | D:4      | Noticed Menkaure
  4551 | D:4      | Killed Menkaure
  4551 | D:4      | Reached skill level 5 in Dodging
  5030 | D:5      | Entered Level 5 of the Dungeon
  5195 | D:5      | Reached skill level 5 in Long Blades
  5386 | D:5      | Found a basalt altar of Yredelemnul.
  6647 | D:6      | Reached XP level 9. HP: 47/55 MP: 9/9
  6654 | D:6      | Reached skill level 6 in Dodging
  7161 | D:6      | Noticed CALLOUS's ghost (amateur FeSk)
  7172 | D:6      | Killed CALLOUS's ghost
  7330 | D:6      | Noticed Duvessa
  7341 | D:6      | Killed Duvessa
  7348 | D:6      | Noticed Dowan
  7386 | D:6      | Killed Dowan
  7420 | D:6      | Reached **** piety under Trog
  7673 | D:6      | Found a deep blue altar of Sif Muna.
  8309 | D:7      | Found a staircase to the Ecumenical Temple.
  8342 | D:7      | Found a burning altar of Makhleb.
  8514 | D:7      | Noticed a green death
  8518 | D:7      | Found a glowing silver altar of Zin.
  8518 | D:7      | Noticed an angel
  8715 | D:7      | Reached XP level 10. HP: 55/61 MP: 10/10
  8769 | D:7      | Reached skill level 7 in Dodging
  9021 | D:8      | Reached skill level 5 in Armour
 10183 | D:9      | Found Joedwuil's Armour Emporium.
 10295 | D:9      | Noticed Maurice
 10456 | D:9      | Reached skill level 8 in Dodging
 10627 | D:9      | Found a shimmering altar of Xom.
 10627 | D:9      | Found a shimmering altar of Xom.
 10629 | D:9      | Found a shimmering altar of Xom.
 10633 | D:9      | Found a shimmering altar of Xom.
 10732 | D:9      | Noticed an ice statue
 10789 | D:9      | Reached ***** piety under Trog
 10954 | D:9      | Found a staircase to the Lair.
 11150 | D:9      | Found a shimmering altar of Xom.
 11263 | D:9      | Killed Maurice
 11400 | D:10     | Entered Level 10 of the Dungeon
 11400 | D:10     | Noticed a hill giant
 11451 | D:10     | Reached XP level 11. HP: 63/67 MP: 11/11
 11479 | D:10     | Paralysed by a wasp for 2 turns
 11546 | D:10     | Found a staircase to the Orcish Mines.
 11550 | D:10     | Noticed a hill giant
 11610 | D:9      | Reached skill level 5 in Shields
 11638 | D:9      | Gained mutation: Your body sometimes deteriorates upon taking damage. [mutagenic meat]
 11642 | D:9      | Noticed a fire crab
 11707 | D:9      | Noticed a death drake
 11751 | D:10     | Noticed a hill giant
 11765 | D:10     | Killed a hill giant
 11852 | D:10     | Killed a hill giant
 11979 | D:10     | Noticed a hill giant
 12004 | D:10     | Killed a hill giant
 12078 | D:10     | Noticed a hill giant
 12090 | D:10     | Killed a hill giant
 12366 | D:10     | Killed a hill giant
 12366 | D:10     | Reached skill level 9 in Dodging
 12914 | D:10     | Noticed an anaconda
 12914 | D:10     | Noticed a deep troll earth mage
 12914 | D:10     | Noticed an ogre mage
 12914 | D:10     | Noticed a moth of wrath
 12917 | D:10     | Noticed a hornet
 12918 | D:10     | Noticed a deep troll
 12918 | D:10     | an anaconda changed into a deep troll
 12919 | D:10     | Noticed an anaconda
 12919 | D:10     | a deep troll changed into an anaconda
 12920 | D:10     | a hornet changed into a komodo dragon
 12923 | D:10     | Noticed a satyr
 12923 | D:10     | an anaconda changed into a satyr
 12930 | D:10     | HP: 4/103 [deep troll earth mage (7)]
 12934 | D:10     | Noticed a minotaur
 12934 | D:10     | a satyr changed into a minotaur
 12939 | D:10     | HP: 4/103 [deep troll earth mage (4)]
 12939 | D:10     | Mangled by a deep troll earth mage

Action                   |  1- 3 |  4- 6 |  7- 9 | 10-12 || total
-------------------------+-------+-------+-------+-------++-------
Melee: Falchion          |    89 |   287 |   588 |   892 ||  1856
       Dagger            |     3 |       |       |       ||     3
Invok: Berserk           |     2 |     2 |    10 |    14 ||    28
       Trog's Hand       |       |     3 |     4 |     4 ||    11
       Burn Spellbooks   |       |       |     1 |     1 ||     2
Evoke: Wand              |       |       |       |     1 ||     1
  Use: Scroll            |       |       |     8 |       ||     8
       Potion            |       |       |       |     1 ||     1
 Stab: Sleeping          |     4 |       |       |       ||     4
  Eat: Chunk             |    12 |    11 |    27 |    38 ||    88

Vault maps used:
D:1:      dpeg_arrival_arbitrary_c, hex_tiny, solitary_fountain
D:2:      lemuel_doored_altar, nicolae_qazlal_style_of_elements
D:3:      minmay_door_path, serial_bayou_pond_d, minmay_tree_intersection,
          lemuel_blue_sif_altar, uniq_robin, uniq_terence
D:4:      first_bread, serial_shops, shop, uniq_menkaure, uniq_sigmund,
          uniq_edmund, uniq_eustachio
D:5:      yredelemnul_forgotten_temple_becter
D:6:      kennysheep_orc_sif_temple, uniq_duvessa
D:7:      grunt_temple_overflow_order_and_chaos_2, temple_pool_b,
          roderic_lattice_a
D:9:      minmay_statue_hallways, xom_shifter_show, dpeg_oklobed_lair,
          serial_shops, shop, serial_glass, glass_columns_a, glass_columns_b,
          glass_columns_b, glass_columns_a, glass_columns_a, glass_columns_c,
          glass_columns_b, glass_columns_b, glass_columns_c, glass_columns_a,
          glass_columns_c, glass_columns_a, glass_columns_a, glass_columns_c,
          uniq_maurice
D:10:     orc_0_dummy, blue_anna_alchemist, minivault_25_ag
